[Event "FIDE Open World Rapid 2024"]
[Site "New York"]
[Date "2024.12.27"]
[Round "9.27"]
[White "Volokitin, Andrei"]
[Black "Can, Isik"]
[Result "1/2-1/2"]
[ECO "C24"]
[WhiteElo "2649"]
[BlackElo "2499"]
[Annotator "ChessBase"]
[PlyCount "66"]
[EventDate "2024.12.14"]
[EventType "swiss"]
[EventCountry "USA"]
[SourceTitle "playchess.com"]
[Source "ChessBase"]
[SourceQuality "1"]
[TimeControl "900+10"]

1. e4 e5 2. Nf3 Nc6 3. Bc4 Bc5 4. O-O Nf6 5. d3 O-O 6. h3 d5 7. exd5 Nxd5 8. a4 Nb6 9. Bb3 a5 10. Nc3 h6 11. Ne4 Bd6 12. Re1 Re8 13. d4 exd4 14. Nxd6 Rxe1+ 15. Qxe1 cxd6 16. Qe4 Qf6 17. Qe8+ Kh7 18. Qxf7 Qxf7 19. Bxf7 d5 20. Bf4 Bf5 21. Bc7 Rf8 22. Bxb6 Rxf7 23. Nxd4 Nxd4 24. Bxd4 Bxc2 25. Rc1 Bxa4 26. Rc5 Bc6 27. Rxa5 Rf4 28. Be5 Re4 29. f4 d4 30. Ra3 Bb5 31. Rb3 d3 32. Bc3 Ba6 33. Rb4 Rxb4 1/2-1/2

[Event "FIDE Open World Rapid 2024"]
[Site "New York"]
[Date "2024.12.28"]
[Round "9.27"]
[White "Saraci, Nderim"]
[Black "Benjamin, Joel"]
[Result "1/2-1/2"]
[ECO "A12"]
[WhiteElo "2431"]
[BlackElo "2473"]
[Annotator "ChessBase"]
[PlyCount "70"]
[EventDate "2024.12.14"]
[EventType "swiss"]
[EventCountry "USA"]
[SourceTitle "playchess.com"]
[Source "ChessBase"]
[SourceQuality "1"]
[TimeControl "900+10"]

1. Nf3 Nf6 2. b3 d5 3. Bb2 Bg4 4. e3 Nbd7 5. c4 e6 6. Be2 c6 7. O-O Bd6 8. Nc3 O-O 9. d4 Qe7 10. h3 Bh5 11. Qc2 Rad8 12. Rad1 Bb8 13. e4 Bg6 14. Bd3 dxc4 15. bxc4 e5 16. d5 Bd6 17. Nh4 Bb4 18. Ne2 cxd5 19. cxd5 Rc8 20. Qb1 Nh5 21. Nxg6 hxg6 22. Bb5 Ndf6 23. Qd3 Rfd8 24. g3 Ne8 25. Bxe8 Qxe8 26. Rc1 Nf6 27. Kg2 Bd6 28. Rxc8 Rxc8 29. Rc1 Rxc1 30. Nxc1 Qa4 31. f3 Nd7 32. Qb3 Qa6 33. Qd3 Qa4 34. Qb3 Qa6 35. Qd3 Qa4 1/2-1/2

[Event "FIDE Open World Rapid 2024"]
[Site "New York"]
[Date "2024.12.28"]
[Round "9.28"]
[White "Dragnev, Valentin"]
[Black "Escobar Forero, Alder"]
[Result "0-1"]
[ECO "B01"]
[WhiteElo "2563"]
[BlackElo "2420"]
[Annotator "ChessBase"]
[PlyCount "72"]
[EventDate "2024.12.14"]
[EventType "swiss"]
[EventCountry "USA"]
[SourceTitle "playchess.com"]
[Source "ChessBase"]
[SourceQuality "1"]
[TimeControl "900+10"]

1. e4 d5 2. exd5 Qxd5 3. Nc3 Qd6 4. d4 Nf6 5. Nf3 a6 6. g3 g6 7. Bf4 Qb6 8. Rb1 Bg7 9. Bg2 O-O 10. O-O Bf5 11. Re1 Nc6 12. d5 Rad8 13. Be3 Qa5 14. Nd2 Nxd5 15. Nxd5 Rxd5 16. Bxd5 Qxd5 17. Nb3 Qxd1 18. Rbxd1 Bxc2 19. Rd2 Bf5 20. f4 e5 21. Nc5 exf4 22. Bxf4 Bd4+ 23. Rxd4 Nxd4 24. Re7 b6 25. Nxa6 c6 26. Nb4 Rc8 27. Rb7 b5 28. Re7 Be6 29. a3 c5 30. Nd3 Ne2+ 31. Kf2 Nxf4 32. Nxf4 Bc4 33. Re3 Rc6 34. Re7 Kg7 35. Rb7 g5 36. Ne2 Rf6+ 0-1

[Event "FIDE Open World Rapid 2024"]
[Site "New York"]
[Date "2024.12.27"]
[Round "9.28"]
[White "Nogerbek, Kazybek"]
[Black "Le, Quang Liem"]
[Result "1/2-1/2"]
[ECO "D35"]
[WhiteElo "2527"]
[BlackElo "2739"]
[Annotator "TA"]
[PlyCount "122"]
[EventDate "2024.12.14"]
[EventType "swiss"]
[EventCountry "USA"]
[SourceTitle "playchess.com"]
[Source "ChessBase"]
[SourceQuality "1"]
[TimeControl "900+10"]

1. d4 Nf6 2. c4 e6 3. Nf3 d5 4. cxd5 exd5 5. Nc3 c6 6. Qc2 g6 7. h3 Bf5 8. Qb3 Qb6 9. g4 Be4 10. Bg2 Bg7 11. Bf4 O-O 12. e3 Nbd7 13. Nxe4 Nxe4 14. Nd2 Nxd2 15. Qxb6 axb6 16. Kxd2 b5 17. h4 Ra4 18. Bd6 Rfa8 19. a3 Bf8 20. Bxf8 Kxf8 21. Kc2 b4 22. Kb3 Ke7 23. g5 Kd6 24. Rhc1 {[%emt 0:01:43] [#]} (24. Bh3 $11 {remains equal.}) 24... R8a7 (24... c5 $142 $1 {...c4+ would now be deadly.} 25. Bf1 (25. dxc5+ Nxc5+ 26. Rxc5 Kxc5 $17) 25... c4+ 26. Bxc4 dxc4+ 27. Rxc4 Nb6 28. Rxb4 Rxb4+ 29. Kxb4 Rc8) 25. h5 Nb6 (25... gxh5 $6 26. Rh1 $14) ({Black should play} 25... b5 $17) 26. Bf1 $15 Na8 27. Bd3 Nc7 28. hxg6 hxg6 29. Rd1 ({White should try} 29. f4 $15) 29... b6 30. Be2 Ne6 31. f4 Ng7 32. Bg4 Ne8 33. f5 gxf5 34. Bxf5 bxa3 (34... c5 {with more complications.} 35. Rh1 Ke7 36. g6 c4+) 35. Rxa3 Rxa3+ 36. bxa3 Re7 37. Re1 Ng7 38. Bc2 Ne6 39. Rg1 Re8 40. g6 Rg8 41. Kc3 Nf8 42. Rb1 (42. gxf7 $2 {loses.} Rxg1 43. Bf5 Rc1+ (43... Ke7 $2 44. Bc2 $19) 44. Bc2 Rf1 $19 (44... Ke7 $2 45. Kd2 $19)) 42... fxg6 43. Rxb6 Nd7 44. Rb7 Re8 45. Kd2 Nf8 46. Rf7 Ra8 47. a4 Ke6 48. Rg7 Kd6 49. Ke2 ({Of course not} 49. Bxg6 Nxg6 50. Rxg6+ Kc7 $11) (49. Rg8 $14) 49... c5 $11 50. dxc5+ Kxc5 51. Rg8 (51. Bxg6 Nxg6 52. Rxg6 Rxa4) 51... d4 52. e4 (52. Bxg6 Rxa4 53. exd4+ (53. Rxf8 Ra2+ 54. Kf3 Ra3 $16) 53... Kxd4 $16) 52... Rb8 53. Kd2 Nd7 54. Rxg6 Ne5 55. Rg5 Kd6 56. Rh5 Rb2 57. Kc1 Ra2 58. Rh3 d3 59. Bxd3 Nxd3+ 60. Rxd3+ Ke5 61. a5 Kxe4 1/2-1/2

[Event "FIDE Open World Rapid 2024"]
[Site "New York"]
[Date "2024.12.27"]
[Round "9.29"]
[White "Jumabayev, Rinat"]
[Black "Sarana, Alexey"]
[Result "1-0"]
[ECO "D02"]
[WhiteElo "2573"]
[BlackElo "2674"]
[Annotator "ChessBase"]
[PlyCount "87"]
[EventDate "2024.12.14"]
[EventType "swiss"]
[EventCountry "USA"]
[SourceTitle "playchess.com"]
[Source "ChessBase"]
[SourceQuality "1"]
[TimeControl "900+10"]

1. Nf3 d5 2. g3 g6 3. Bg2 Bg7 4. d4 c6 5. c4 dxc4 6. a4 Bg4 7. Nbd2 Bxd4 8. Nxc4 Bxf3 9. Bxf3 Na6 10. O-O Qd7 11. Ra3 Bb6 12. Qxd7+ Kxd7 13. Rb3 Nf6 14. Rd1+ Kc8 15. Rxb6 axb6 16. Nxb6+ Kc7 17. Nxa8+ Rxa8 18. Bf4+ Kb6 19. b3 Nc7 20. Be3+ Ka6 21. Bc5 Re8 22. e4 b6 23. Be3 Kb7 24. g4 h5 25. g5 Ng4 26. Bc1 Ne5 27. Be2 c5 28. f4 Nc6 29. Bc4 Rf8 30. f5 Ne5 31. Be2 Nc6 32. Bb2 Kc8 33. Bc4 Na5 34. Bg7 Nxc4 35. Bxf8 Nd6 36. f6 Ne6 37. fxe7 Ne8 38. Kf2 Kc7 39. h4 Nd4 40. b4 Nc6 41. bxc5 bxc5 42. Rd5 c4 43. Ke3 c3 44. Rc5 1-0

[Event "FIDE Open World Rapid 2024"]
[Site "New York"]
[Date "2024.12.28"]
[Round "9.29"]
[White "Madaminov, Mukhiddin"]
[Black "Macovei, Andrei"]
[Result "1-0"]
[ECO "C58"]
[WhiteElo "2501"]
[BlackElo "2477"]
[Annotator "ChessBase"]
[PlyCount "205"]
[EventDate "2024.12.14"]
[EventType "swiss"]
[EventCountry "USA"]
[SourceTitle "playchess.com"]
[Source "ChessBase"]
[SourceQuality "1"]
[TimeControl "900+10"]

1. e4 e5 2. Nf3 Nc6 3. Bc4 Nf6 4. Ng5 d5 5. exd5 Na5 6. Bb5+ Bd7 7. Qe2 Bd6 8. Bxd7+ Qxd7 9. Nc3 h6 10. Nf3 O-O 11. O-O c6 12. dxc6 Nxc6 13. d3 Rae8 14. Ne4 Be7 15. Nxf6+ Bxf6 16. c3 Bd8 17. Rd1 f5 18. d4 e4 19. Ne5 Nxe5 20. dxe5 Qe6 21. Bf4 Bc7 22. Qb5 Bxe5 23. Bxe5 Qxe5 24. Rd5 Qf4 25. Qc4 Kh7 26. Qd4 Rf7 27. Qxa7 e3 28. fxe3 Rxe3 29. Rf1 Qg5 30. Rdd1 Rfe7 31. Qc5 Re2 32. Qxf5+ Qxf5 33. Rxf5 Rxb2 34. Rf2 Ree2 35. Rxe2 Rxe2 36. Rb1 Rxa2 37. Rxb7 Rc2 38. Rc7 Kg6 39. h3 Kf6 40. Kh2 h5 41. Rc6+ Kf5 42. Rc5+ Kf4 43. h4 Rc1 44. Rxh5 Kg4 45. Rc5 Kxh4 46. Rc4+ Kg5 47. Kg3 Kf5 48. Rc5+ Kf6 49. Kg4 Rc2 50. g3 Rd2 51. Rf5+ Kg6 52. Rf3 Rd8 53. Re3 Rc8 54. Kf4 Kf6 55. Ke4 Re8+ 56. Kd3 Rd8+ 57. Kc2 Kf5 58. c4 Rc8 59. Kb3 Rb8+ 60. Kc3 Rc8 61. Kb3 Rb8+ 62. Kc2 Rc8 63. Kc3 g5 64. Rf3+ Kg4 65. Rd3 Kh3 66. Kb4 Rb8+ 67. Ka4 Ra8+ 68. Kb3 Rb8+ 69. Kc2 Rc8 70. Rc3 Rc5 71. Kd3 Rc8 72. Kd4 Rd8+ 73. Ke5 Re8+ 74. Kf5 g4 75. c5 Rf8+ 76. Ke4 Re8+ 77. Kd4 Rd8+ 78. Kc4 Rc8 79. Kd5 Rd8+ 80. Ke5 Re8+ 81. Kd5 Rd8+ 82. Kc4 Rc8 83. Kb4 Rb8+ 84. Ka3 Ra8+ 85. Kb3 Rb8+ 86. Kc2 Rc8 87. Kd2 Rd8+ 88. Ke2 Re8+ 89. Kf2 Rf8+ 90. Kg1 Ra8 91. Kf2 Rf8+ 92. Ke2 Re8+ 93. Kd2 Rd8+ 94. Kc2 Rc8 95. c6 Rc7 96. Kd1 Kg2 97. Ke2 Re7+ 98. Kd3 Kxg3 99. c7 Rxc7 100. Rxc7 Kf2 101. Rf7+ Kg2 102. Ke2 g3 103. Rg7 1-0

[Event "FIDE Open World Rapid 2024"]
[Site "New York"]
[Date "2024.12.28"]
[Round "9.30"]
[White "Christiansen, Johan-Sebastian"]
[Black "Sharshenbekov, Emir"]
[Result "0-1"]
[ECO "B15"]
[WhiteElo "2661"]
[BlackElo "2078"]
[Annotator "ChessBase"]
[PlyCount "134"]
[EventDate "2024.12.14"]
[EventType "swiss"]
[EventCountry "USA"]
[SourceTitle "playchess.com"]
[Source "ChessBase"]
[SourceQuality "1"]
[TimeControl "900+10"]

1. e4 c6 2. d4 d5 3. Nd2 dxe4 4. Nxe4 Nf6 5. Nxf6+ exf6 6. c3 Bd6 7. Bd3 O-O 8. Qc2 h6 9. Ne2 Re8 10. O-O Qc7 11. h3 Nd7 12. Bd2 Nf8 13. Rae1 Bd7 14. c4 Ne6 15. c5 Bh2+ 16. Kh1 Bf4 17. Bc3 h5 18. Bc4 h4 19. b4 Rad8 20. Bb2 Ng5 21. Qb3 Be6 22. Rd1 Ne4 23. Bxe6 Rxe6 24. Qc2 Rd5 25. Ng1 f5 26. Rde1 g5 27. Nf3 f6 28. Bc1 Kf7 29. b5 Bxc1 30. Qxc1 cxb5 31. Re3 b6 32. Kg1 bxc5 33. dxc5 Qxc5 34. Qb2 Nxf2 35. Rc3 Nxh3+ 36. Kh1 Nf2+ 37. Kg1 Nh3+ 38. Kh1 Qe7 39. gxh3 Kg6 40. Rc2 Re3 41. Rg2 Qe4 42. Qf2 Kh5 43. Kg1 f4 44. Nd2 Qe6 45. Nf3 Qxh3 46. Rh2 Qg3+ 47. Rg2 Qxf2+ 48. Rgxf2 Rdd3 49. Nh2 f5 50. Rc2 Rg3+ 51. Kh1 Ra3 52. Rd1 Rgd3 53. Re1 g4 54. Rc5 Kg5 55. Nf1 Rd7 56. Ree5 Rf7 57. Nd2 g3 58. Re8 Kg4 59. Rg8+ Kh3 60. Rc2 Re7 61. Rc1 Re2 62. Rd8 Rh2+ 63. Kg1 Rxa2 64. Rd1 f3 65. Rd3 f2+ 66. Kf1 Rh1+ 67. Ke2 Rxd1 0-1

[Event "FIDE Open World Rapid 2024"]
[Site "New York"]
[Date "2024.12.27"]
[Round "9.30"]
[White "Makarian, Rudik"]
[Black "Ivanchuk, Vasyl"]
[Result "1/2-1/2"]
[ECO "E11"]
[WhiteElo "2547"]
[BlackElo "2630"]
[Annotator "ChessBase"]
[PlyCount "153"]
[EventDate "2024.12.14"]
[EventType "swiss"]
[EventCountry "USA"]
[SourceTitle "playchess.com"]
[Source "ChessBase"]
[SourceQuality "1"]
[TimeControl "900+10"]

1. d4 Nf6 2. c4 e6 3. Nf3 Bb4+ 4. Bd2 c5 5. Bxb4 cxb4 6. a3 bxa3 7. Rxa3 O-O 8. e3 d6 9. Nc3 Nc6 10. Bd3 e5 11. O-O Bg4 12. dxe5 dxe5 13. Ne4 Nd7 14. Bb1 Qe7 15. Qd6 Qxd6 16. Nxd6 Bxf3 17. gxf3 Nc5 18. Ne4 Na6 19. Nc3 Nc5 20. Na4 Nd7 21. Be4 Rac8 22. Nc3 a6 23. Rd1 Nf6 24. Nd5 Nxe4 25. fxe4 Rfd8 26. Rad3 Kf8 27. b4 Rd7 28. Nb6 Rxd3 29. Rxd3 Rc7 30. b5 axb5 31. cxb5 Na7 32. Nd7+ Ke7 33. b6 Rc1+ 34. Kg2 Nc6 35. Rd5 Rb1 36. Nxe5 Rxb6 37. Nxc6+ bxc6 38. Ra5 Rb2 39. Ra7+ Ke6 40. Rc7 Rc2 41. Kg3 c5 42. f4 c4 43. f5+ Kf6 44. Kf4 g5+ 45. fxg6 hxg6 46. h4 c3 47. Rc6+ Ke7 48. Ke5 Rc1 49. Rc7+ Kf8 50. Kf6 Rf1+ 51. Kg5 Rg1+ 52. Kf4 Rc1 53. e5 c2 54. Ke4 Rh1 55. Rxc2 Rxh4+ 56. Kd5 Ra4 57. Rc8+ Ke7 58. Rc7+ Ke8 59. Rb7 g5 60. Rb8+ Ke7 61. Rg8 Rg4 62. e6 fxe6+ 63. Ke5 Kf7 64. Ra8 Rb4 65. Ra7+ Kg6 66. Ra6 Kf7 67. Ra7+ Kg6 68. Ra6 g4 69. Rxe6+ Kg5 70. Re8 g3 71. Rg8+ Kh4 72. e4 Rb1 73. Kd5 Kh3 74. e5 g2 75. e6 g1=Q 76. Rxg1 Rxg1 77. e7 1/2-1/2

[Event "FIDE Open World Rapid 2024"]
[Site "New York"]
[Date "2024.12.28"]
[Round "9.31"]
[White "Indjic, Aleksandar"]
[Black "Rosen, Eric"]
[Result "1-0"]
[ECO "A17"]
[WhiteElo "2647"]
[BlackElo "2377"]
[Annotator "ChessBase"]
[PlyCount "79"]
[EventDate "2024.12.14"]
[EventType "swiss"]
[EventCountry "USA"]
[SourceTitle "playchess.com"]
[Source "ChessBase"]
[SourceQuality "1"]
[TimeControl "900+10"]

1. Nf3 d5 2. e3 Nf6 3. c4 e6 4. Nc3 b6 5. cxd5 exd5 6. b4 a6 7. Qa4+ Bd7 8. Qb3 c6 9. Bb2 Bd6 10. Bd3 O-O 11. Qc2 Re8 12. a3 c5 13. Ng5 h6 14. Nh7 Bc6 15. Nxf6+ Qxf6 16. Nxd5 Qd8 17. bxc5 Bxc5 18. Nf4 Qg5 19. Kf1 Nd7 20. h4 Qe7 21. Rh3 Rac8 22. Bxa6 Rc7 23. Rg3 Bd4 24. Qb1 Be5 25. Bxe5 Nxe5 26. d4 Nd7 27. d5 Nc5 28. dxc6 Ne4 29. Qxb6 Qxh4 30. Kg1 Nxg3 31. fxg3 Qf6 32. Rc1 Qe5 33. Nd5 Qxd5 34. Qxc7 Qd2 35. Rf1 Qxe3+ 36. Kh2 Re5 37. Qxf7+ Kh7 38. Qf3 Qc5 39. Bd3+ Kg8 40. Qf7+ 1-0

[Event "FIDE Open World Rapid 2024"]
[Site "New York"]
[Date "2024.12.27"]
[Round "9.31"]
[White "Cheparinov, Ivan"]
[Black "Moroni, Luca Jr"]
[Result "1-0"]
[ECO "B30"]
[WhiteElo "2646"]
[BlackElo "2550"]
[Annotator "ChessBase"]
[PlyCount "59"]
[EventDate "2024.12.14"]
[EventType "swiss"]
[EventCountry "USA"]
[SourceTitle "playchess.com"]
[Source "ChessBase"]
[SourceQuality "1"]
[TimeControl "900+10"]

1. e4 c5 2. Nf3 Nc6 3. Bb5 Qc7 4. O-O a6 5. Bxc6 dxc6 6. d3 e5 7. a4 a5 8. Na3 Ne7 9. Nc4 Ng6 10. b3 f6 11. Re1 Be6 12. Bd2 Be7 13. Bc3 O-O 14. Ne3 Rfd8 15. g3 Nf8 16. Nh4 g6 17. Qd2 b6 18. Kh1 Bc8 19. f4 exf4 20. gxf4 Qxf4 21. Nhg2 Qg5 22. Qf2 Ne6 23. Nf5 gxf5 24. exf5 Nd4 25. Rxe7 Bxf5 26. Rg1 Bg4 27. h3 Kf8 28. Rxh7 Qf5 29. Qh4 Kg8 30. Nf4 1-0

[Event "FIDE Open World Rapid 2024"]
[Site "New York"]
[Date "2024.12.27"]
[Round "9.32"]
[White "Karthik Venkataraman"]
[Black "Andriasian, Zaven"]
[Result "1/2-1/2"]
[ECO "B90"]
[WhiteElo "2603"]
[BlackElo "2554"]
[Annotator "ChessBase"]
[PlyCount "68"]
[EventDate "2024.12.14"]
[EventType "swiss"]
[EventCountry "USA"]
[SourceTitle "playchess.com"]
[Source "ChessBase"]
[SourceQuality "1"]
[TimeControl "900+10"]

1. e4 c5 2. Nf3 d6 3. d4 cxd4 4. Nxd4 Nf6 5. Nc3 a6 6. Be3 Ng4 7. Bc1 Nf6 8. Be3 Ng4 9. Bg5 h6 10. Bh4 g5 11. Bg3 Bg7 12. h3 Ne5 13. f3 Nbc6 14. Bf2 Be6 15. Qd2 Rc8 16. h4 Qa5 17. Nxe6 fxe6 18. hxg5 hxg5 19. Rxh8+ Bxh8 20. Nd1 Qa4 21. Nc3 Qb4 22. Nd1 Nc4 23. Bxc4 Qxc4 24. Ne3 Qb5 25. c3 Ne5 26. Rd1 Bf6 27. Qc2 Kd7 28. a4 Qc6 29. Qb3 b5 30. axb5 axb5 31. Ra1 Nc4 32. Ra7+ Ke8 33. Nxc4 bxc4 34. Qb7 Qxb7 1/2-1/2

[Event "FIDE Open World Rapid 2024"]
[Site "New York"]
[Date "2024.12.28"]
[Round "9.32"]
[White "Hungaski, Robert"]
[Black "Chanda, Sandipan"]
[Result "1/2-1/2"]
[ECO "A00"]
[WhiteElo "2477"]
[BlackElo "2480"]
[Annotator "ChessBase"]
[PlyCount "86"]
[EventDate "2024.12.14"]
[EventType "swiss"]
[EventCountry "USA"]
[SourceTitle "playchess.com"]
[Source "ChessBase"]
[SourceQuality "1"]
[TimeControl "900+10"]

1. h3 d5 2. e3 e5 3. d4 e4 4. Ne2 Nf6 5. b3 c6 6. Qd2 Be7 7. Ba3 O-O 8. c4 Bxa3 9. Nxa3 Qe7 10. Nc2 dxc4 11. bxc4 c5 12. Nc3 Rd8 13. Be2 Nc6 14. O-O Bf5 15. Rfd1 h5 16. Qe1 Rd7 17. Rd2 Rad8 18. Rad1 g5 19. dxc5 Qxc5 20. Rxd7 Rxd7 21. Rxd7 Bxd7 22. Qd2 Be6 23. Nd4 Bxc4 24. Nxc6 Qxc6 25. Qd4 Bxe2 26. Nxe2 Kg7 27. Ng3 Kg6 28. h4 Qc1+ 29. Nf1 gxh4 30. Qxa7 Nd5 31. Qxb7 Nc3 32. Qa6+ f6 33. Qc4 Kh6 34. Kh2 Qb2 35. a4 Qxf2 36. Qxc3 Qxf1 37. a5 Kg6 38. Qd4 Qd3 39. Qb6 Qc3 40. a6 Qe5+ 41. Kh1 Qa1+ 42. Kh2 Qe5+ 43. Kh1 Qa1+ 1/2-1/2

[Event "FIDE Open World Rapid 2024"]
[Site "New York"]
[Date "2024.12.27"]
[Round "9.33"]
[White "Meier, Georg"]
[Black "Svane, Frederik"]
[Result "1-0"]
[ECO "A46"]
[WhiteElo "2599"]
[BlackElo "2668"]
[Annotator "ChessBase"]
[PlyCount "123"]
[EventDate "2024.12.14"]
[EventType "swiss"]
[EventCountry "USA"]
[SourceTitle "playchess.com"]
[Source "ChessBase"]
[SourceQuality "1"]
[TimeControl "900+10"]

1. Nf3 e6 2. g3 b5 3. Bg2 Bb7 4. O-O c5 5. c3 Nf6 6. d4 cxd4 7. cxd4 Be7 8. Bg5 O-O 9. e3 Qb6 10. Nc3 h6 11. Bxf6 Bxf6 12. Qb3 b4 13. Na4 Qb5 14. Rfc1 Na6 15. Nc5 Bd5 16. Qa4 Qxa4 17. Nxa4 Bc6 18. b3 Bxa4 19. bxa4 Rac8 20. Nd2 d5 21. Bf1 Nb8 22. Nb3 Be7 23. a5 Bd6 24. Bb5 f6 25. Rab1 Kf7 26. Nc5 Bxc5 27. Rxc5 Rxc5 28. dxc5 Rc8 29. Rxb4 Rxc5 30. Bd3 Nd7 31. Rb7 Ke7 32. Bb5 a6 33. Bxd7 Kd6 34. Be8 g5 35. h4 gxh4 36. gxh4 Rxa5 37. a4 Rc5 38. h5 Rc4 39. Ra7 f5 40. Rxa6+ Ke7 41. Bg6 f4 42. Ra7+ Kd6 43. Ra6+ Ke7 44. Kg2 fxe3 45. fxe3 Rc3 46. Kf2 Ra3 47. Bh7 Kf7 48. Ke2 Rc3 49. Kd2 Ra3 50. Bc2 Kf6 51. Ra8 Ke5 52. Rh8 d4 53. exd4+ Kxd4 54. Rxh6 Rh3 55. Rxe6 Rxh5 56. Rc6 Rh1 57. Rc8 Rg1 58. Bb3 Rg2+ 59. Kc1 Rh2 60. Bc2 Rg2 61. Kb2 Rg3 62. Bb3 1-0

[Event "FIDE Open World Rapid 2024"]
[Site "New York"]
[Date "2024.12.28"]
[Round "9.33"]
[White "Gretarsson, Helgi Ass"]
[Black "Bilych, Oleksii"]
[Result "1/2-1/2"]
[ECO "A13"]
[WhiteElo "2418"]
[BlackElo "2435"]
[Annotator "ChessBase"]
[PlyCount "298"]
[EventDate "2024.12.14"]
[EventType "swiss"]
[EventCountry "USA"]
[SourceTitle "playchess.com"]
[Source "ChessBase"]
[SourceQuality "1"]
[TimeControl "900+10"]

1. Nf3 d5 2. e3 Nf6 3. c4 e6 4. b3 Bd6 5. Bb2 O-O 6. Nc3 Re8 7. Rc1 c5 8. cxd5 exd5 9. Nb5 d4 10. Nxd6 Qxd6 11. Ba3 dxe3 12. dxe3 Qxd1+ 13. Rxd1 b6 14. Bb2 Bb7 15. Bxf6 gxf6 16. Rd6 Nc6 17. Rxf6 Kg7 18. Rf4 Nb4 19. Bc4 Re7 20. a4 a6 21. O-O Rd8 22. Nh4 Red7 23. Nf5+ Kg6 24. e4 h5 25. Nh4+ Kg7 26. Nf5+ Kg6 27. Ne3 Nd3 28. Rh4 Rd4 29. f3 Ne5 30. Bd5 Bxd5 31. Nxd5 R8xd5 32. g4 Rd8 33. Rxh5 f6 34. Rf5 Rd2 35. g5 Nd7 36. gxf6 Nxf6 37. Kh1 Rd1 38. Rxd1 Rxd1+ 39. Kg2 Rb1 40. a5 Rb2+ 41. Kg3 Rxb3 42. Kf4 c4 43. axb6 Rxb6 44. Rc5 a5 45. Rxc4 Ra6 46. Ra4 Nd7 47. Ke3 Kf6 48. Kd4 Ke6 49. Kc4 Ra8 50. Kb5 Rb8+ 51. Kxa5 Nc5 52. Rb4 Ra8+ 53. Kb5 Nd3 54. Rd4 Rb8+ 55. Kc6 Ne5+ 56. Kc7 Rf8 57. Rd6+ Ke7 58. Rd5 Ng6 59. Rf5 Rh8 60. Rg5 Nf4 61. Rg4 Ne6+ 62. Kc6 Nd4+ 63. Kd5 Nxf3 64. e5 Rd8+ 65. Ke4 Nd2+ 66. Ke3 Nb3 67. Rg6 Nc5 68. Rh6 Rd3+ 69. Kf4 Ne6+ 70. Ke4 Rd4+ 71. Ke3 Rg4 72. Rh7+ Kf8 73. h4 Ng7 74. Kf3 Rg6 75. h5 Ra6 76. h6 Nf5 77. Ke4 Nxh6 78. Rb7 Nf7 79. Kf5 Ke8 80. Rc7 Nd8 81. Rc1 Nc6 82. Rh1 Ne7+ 83. Ke4 Ra4+ 84. Kd3 Kf7 85. Rh6 Ng6 86. e6+ Kg7 87. Rh1 Nf4+ 88. Kc3 Nxe6 89. Rh5 Kf6 90. Rb5 Rh4 91. Kd3 Nf8 92. Rb6+ Ke5 93. Rb5+ Kd6 94. Rf5 Nd7 95. Ke3 Ne5 96. Rf4 Rh8 97. Ke4 Ke6 98. Rf1 Ra8 99. Rd1 Ra3 100. Rb1 Ra4+ 101. Ke3 Rh4 102. Rb5 Ng4+ 103. Kd3 Nf6 104. Ra5 Nd5 105. Ra1 Kd6 106. Rg1 Rh3+ 107. Kd4 Nf4 108. Ra1 Ne6+ 109. Kc4 Rh4+ 110. Kc3 Nd4 111. Ra5 Ne6 112. Ra1 Kd5 113. Ra8 Rh3+ 114. Kd2 Nf4 115. Rd8+ Ke5 116. Re8+ Kd4 117. Rd8+ Nd5 118. Ke2 Rh7 119. Kf3 Rf7+ 120. Ke2 Rf6 121. Rd7 Ke4 122. Rd8 Re6 123. Kd2 Kd4 124. Ra8 Rg6 125. Ra4+ Ke5 126. Ra8 Rg2+ 127. Kd3 Rg3+ 128. Kd2 Nb6 129. Rd8 Nc4+ 130. Kc2 Ne3+ 131. Kd2 Nd5 132. Ra8 Rh3 133. Ra7 Rh2+ 134. Kd3 Nb4+ 135. Kc4 Nc6 136. Ra3 Rc2+ 137. Rc3 Re2 138. Rh3 Re4+ 139. Kc5 Nd4 140. Rh5+ Nf5 141. Rh8 Ng7 142. Kc6 Rc4+ 143. Kb5 Rc1 144. Kb4 Nf5 145. Rh5 Ke4 146. Kb5 Nd4+ 147. Kb6 Rf1 148. Kc5 Rf5+ 149. Rxf5 Nxf5 1/2-1/2

[Event "FIDE Open World Rapid 2024"]
[Site "New York"]
[Date "2024.12.27"]
[Round "9.34"]
[White "Martirosyan, Haik M."]
[Black "Gan-Erdene, Sugar"]
[Result "1-0"]
[ECO "D38"]
[WhiteElo "2656"]
[BlackElo "2437"]
[Annotator "ChessBase"]
[PlyCount "187"]
[EventDate "2024.12.14"]
[EventType "swiss"]
[EventCountry "USA"]
[SourceTitle "playchess.com"]
[Source "ChessBase"]
[SourceQuality "1"]
[TimeControl "900+10"]

1. d4 Nf6 2. c4 e6 3. Nf3 d5 4. Nc3 Bb4 5. Bg5 h6 6. Bxf6 Qxf6 7. e3 O-O 8. Rc1 dxc4 9. Bxc4 c5 10. O-O cxd4 11. Ne4 Qf5 12. Ng3 Qa5 13. exd4 Nc6 14. a3 Be7 15. Qd3 Rd8 16. Rfd1 Bf6 17. Qe4 g6 18. h4 Ne7 19. h5 g5 20. Ne5 Bg7 21. f4 gxf4 22. Qxf4 f6 23. Nf3 Nd5 24. Bxd5 Qxd5 25. Ne4 Rf8 26. Rc5 Qd8 27. Qg3 b6 28. Rc7 Bd7 29. Rdc1 Rc8 30. Rxc8 Bxc8 31. Rc7 Rf7 32. Nxf6+ Qxf6 33. Rxc8+ Rf8 34. Rc7 Rf7 35. Rc6 Qf5 36. Ne5 Rf8 37. Rc7 Qg5 38. Qxg5 hxg5 39. Rxa7 Rd8 40. Nc6 Rd6 41. Rc7 b5 42. b4 Kh7 43. Kf2 Kh6 44. Ke3 Kxh5 45. Ne5 Bxe5 46. dxe5 Ra6 47. Rc3 Kg4 48. Kd4 Ra8 49. Rf3 Rd8+ 50. Ke4 Ra8 51. Rc3 Ra6 52. Kd4 Ra8 53. Rf3 Rd8+ 54. Ke4 Ra8 55. Rh3 Ra7 56. Rd3 Ra8 57. Kd4 Rd8+ 58. Kc3 Rc8+ 59. Kb3 Kf5 60. Rd7 Rb8 61. Rg7 Rd8 62. Rb7 Rd3+ 63. Kb2 Rd5 64. Rc7 Rxe5 65. a4 bxa4 66. Ka3 Re2 67. b5 Re1 68. b6 Rb1 69. b7 Ke5 70. Rd7 Kf6 71. Kxa4 e5 72. Ka5 Ke6 73. Rg7 e4 74. Ka6 Ra1+ 75. Kb6 Rb1+ 76. Kc7 Rc1+ 77. Kd8 Rb1 78. Kc8 e3 79. Rg8 Rc1+ 80. Kd8 Rd1+ 81. Kc8 Rc1+ 82. Kd8 Rd1+ 83. Kc8 Rc1+ 84. Kd8 Rd1+ 85. Kc7 Rc1+ 86. Kb8 Kf5 87. Re8 Kf4 88. Ka7 Ra1+ 89. Kb6 Rb1+ 90. Kc6 Rc1+ 91. Kd5 Rd1+ 92. Kc4 Rb1 93. b8=Q+ Rxb8 94. Rxb8 1-0

[Event "FIDE Open World Rapid 2024"]
[Site "New York"]
[Date "2024.12.28"]
[Round "9.34"]
[White "Degenbaev, Aziz"]
[Black "Horvath, Dominik"]
[Result "1/2-1/2"]
[ECO "C52"]
[WhiteElo "2260"]
[BlackElo "2542"]
[Annotator "ChessBase"]
[PlyCount "131"]
[EventDate "2024.12.14"]
[EventType "swiss"]
[EventCountry "USA"]
[SourceTitle "playchess.com"]
[Source "ChessBase"]
[SourceQuality "1"]
[TimeControl "900+10"]

1. e4 e5 2. Nf3 Nc6 3. Bc4 Bc5 4. b4 Bxb4 5. c3 Ba5 6. d4 b5 7. Bd5 Nge7 8. dxe5 O-O 9. O-O Nxd5 10. exd5 Ne7 11. Bg5 Qe8 12. d6 Ng6 13. a4 h6 14. axb5 Bb6 15. Re1 Bb7 16. Nbd2 Qe6 17. Be3 cxd6 18. exd6 Qxd6 19. Nc4 Qc7 20. Nxb6 axb6 21. Qd4 Bxf3 22. gxf3 Qb7 23. Kg2 Rfe8 24. Rxa8 Qxa8 25. Bd2 Rc8 26. Re4 d5 27. Rg4 Qb7 28. Be3 Rc5 29. Qb4 d4 30. Qxd4 Rxb5 31. h4 Qc6 32. c4 Rf5 33. Qe4 Qd7 34. Bxb6 Rf6 35. Be3 Ra6 36. c5 Re6 37. Qd4 Qc6 38. h5 Ne5 39. Re4 Nxf3 40. Rxe6 fxe6 41. Qd8+ Kf7 42. Kg3 Ne5 43. Kf4 Nd7 44. Qa5 Nf6 45. Qa7+ Kg8 46. Qb8+ Kh7 47. Qb1+ Kg8 48. Qb8+ Kf7 49. Qa7+ Nd7 50. Qa5 Qg2 51. f3 Qg5+ 52. Ke4 Qd5+ 53. Kf4 Qe5+ 54. Kg4 Qxe3 55. Qc7 Qd4+ 56. Kh3 Kf6 57. Qd8+ Kf5 58. c6 Qc3 59. cxd7 Qxf3+ 60. Kh2 Qe2+ 61. Kg3 Qd3+ 62. Kf2 Qd2+ 63. Kf1 Kg4 64. Qe7 Qd1+ 65. Kf2 Qd2+ 66. Kf1 1/2-1/2